 Dungeon Crawl Stone Soup version 0.28-a0-906-g0406aca7d3 (webtiles) character file.

Game seed: 3827318892123919161

6 Gwenloh the Grasshopper (level 1, 0/10 HPs)
             Began as a Spriggan Warper on Nov 23, 2021.
             Slain by an adder (3 damage)
             ... on level 2 of the Dungeon.
             The game lasted 00:04:49 (1498 turns).

Gwenloh the Grasshopper (Spriggan Warper)           Turns: 1498, Time: 00:04:50

Health: 0/10       AC:  2    Str:  7    XL:     1   Next: 75%
Magic:  5/5        EV: 17    Int: 14    God:
Gold:   23         SH:  0    Dex: 14    Spells: 5/5 levels left

rFire   . . .      SeeInvis +   e - +0 dagger
rCold   . . .      Faith    .   (shield restricted)
rNeg    . . .      Spirit   .   b - +0 robe
rPois   .          Reflect  .   (helmet restricted)
rElec   .          Harm     .   (no cloak)
rCorr   .          Rampage  .   (gloves unavailable)
Will    .....                   (boots unavailable)
Stlth   ++........              (no amulet)
HPRegen 0.03/turn               (no ring)
MPRegen 0.09/turn               (no ring)

@: very quick
A: very small, no large weapons, unfitting armour, see invisible, speed 3
a: no special abilities


You were on level 2 of the Dungeon.
You visited 1 branch of the dungeon, and saw 2 of its levels.

You collected 23 gold pieces.

Inventory:

Hand Weapons
 a - a +0 short sword
 e - a +0 dagger (weapon)
Missiles
 d - 5 boomerangs of dispersal (quivered)
Armour
 b - a +0 robe (worn)
Scrolls
 c - a scroll of blinking
 f - a scroll of magic mapping {unknown}


   Skills:
 + Level 1.6 Fighting
 + Level 2.3 Short Blades
 - Level 1.0 Throwing
 + Level 3.3 Dodging
 * Level 1.2 Stealth
 - Level 2.6 Spellcasting
 + Level 4.5 Translocations


You had 5 spell levels left.
You didn't know any spells.
Your spell library contained the following spells:

 Spells                   Type           Power      Damage    Failure   Level
 Blink                    Tloc           28%        N/A       5%          2
 Gell's Gravitas          Tloc           14%        N/A       11%         3
 Lesser Beckoning         Tloc           14%        N/A       11%         3
 Teleport Other           Tloc           14%        N/A       11%         3
 Manifold Assault         Tloc           14%        N/A       67%         5


Dungeon Overview and Level Annotations

Branches:
Dungeon (2/15)

Altars:


Innate Abilities, Weirdness & Mutations

You are very small and have problems with some larger weapons.
You are too small for most types of armour.
You have supernaturally acute eyesight. (SInv)
You cover ground extremely quickly. (Speed+++)


Message History

You close the door.
You start resting.
HP restored.
There is an open door here.
f - a scroll labelled UKKIHI TEMA A ball python comes into view.
The ball python hisses angrily.
A ball python is nearby!
You barely miss the ball python. The ball python bites you.
The ball python barely misses you.
You closely miss the ball python. The ball python completely misses you.
The ball python grabs you. The ball python constricts you.
The ball python misses you. The ball python constricts you.
You barely miss the ball python. The ball python bites you.
The ball python constricts you.
You are too injured to fight recklessly!
You are too injured to fight recklessly!
You barely miss the ball python. The ball python misses you.
The ball python constricts you.
* * * LOW HITPOINT WARNING * * *
You hit the ball python but do no damage.
The ball python barely misses you. The ball python constricts you.
* * * LOW HITPOINT WARNING * * *
You escape the ball python's grasp.
A gnoll comes into view. It is wielding a +0 flail.
The gnoll shouts!
You open the door.
There is an open door here.
There is an open door here.
There is a stone staircase leading down here.
You climb downwards.
There is a stone staircase leading up here.
The helpless adder fails to defend itself.
You puncture the adder!
The adder is almost dead.
The adder misses you. The adder closely misses you.
You closely miss the adder.
The adder is almost dead.
The adder bites you.
You die...

### #..
##.# #
..# .# .
#.##.#...
#.......≈
#<.# #.@#
##S# #.#
#.. ####


You could see an adder.

Vanquished Creatures
  2 ball pythons (D:1)
  2 goblins (D:1)
  A bat (D:1)
  A frilled lizard (D:1)
6 creatures vanquished.

Notes
Turn   | Place    | Note
-------+----------+-------------------------------------------
     0 | D:1      | Gwenloh the Spriggan Warper began the quest for the Orb.
     0 | D:1      | Reached XP level 1. HP: 10/10 MP: 5/5
   815 | D:1      | Reached skill level 1 in Stealth
  1498 | D:2      | Slain by an adder

Illustrated notes

Levels and vault maps discovered:
D:1:      mrwooster_arrival_arrow, layout_loops_corners,
          hellmonk_ecumenical_altar_run_dry
D:2:      layout_basic, serial_rivers, chequers_serial_rivers_micro_b,
          chequers_serial_rivers_small_a, chequers_serial_rivers_large_a,
          chequers_serial_rivers_room_b, chequers_serial_rivers_marsh,
          chequers_serial_rivers_small_3, minmay_puff

Skill      XL: |  1 |
---------------+----+-----
Stealth        | 1 |  1.2
Fighting       | |  1.6
Short Blades   | |  2.3
Throwing       | |  1.0
Dodging        | |  3.3
Spellcasting   | |  2.6
Translocations | |  4.5

Action                   || total
-------------------------++-------
Melee: Dagger            ||    66
 Stab: Sleeping          ||     2
Armor: Robe              ||     4
Dodge: Dodged            ||    58

Table legend: (Time is in decaauts)
 A = Elapsed time spent in this place.
 B = Non-inter-level travel time spent in this place.
 C = Inter-level travel time spent in this place.
 D = Time resting spent in this place.
 E = Time spent auto-exploring this place.
 F = Levels seen in this place.
 G = Mean time per level.
                   A        B        C        D        E       F      G
               +--------+--------+--------+--------+--------+-----+--------+
         Total |   1292 |   1292 |      0 |    901 |     12 |   2 |  646.0 |
       Dungeon |   1292 |   1292 |      0 |    901 |     12 |   2 |  646.0 |
               +--------+--------+--------+--------+--------+-----+--------+

Top non-repeatable levels by time:
     D:1: 1290 daAuts
     D:2: 2 daAuts
